 Dungeon Crawl Stone Soup version 0.27-a0-1502-g47ed6a6988 (webtiles) character file.

Game seed: 2499155181794174394

171 dolemite99 the Chopper (level 5, -3/67 HPs)
             Began as a Hill Orc Fighter on July 9, 2021.
             Was an Initiate of Beogh.
             Slain by a hornet zombie (7 damage)
             ... on level 4 of the Dungeon.
             The game lasted 00:03:51 (3583 turns).

dolemite99 the Chopper (Hill Orc Fighter)           Turns: 3583, Time: 00:03:51

Health: -3/67      AC: 10    Str: 20    XL:     5   Next: 51%
Magic:  5/5        EV:  5    Int:  8    God:    Beogh [......]
Gold:   147        SH:  9    Dex: 10    Spells: 4/4 levels left

rFire    . . .     SeeInvis .   a - +0 war axe
rCold    . . .     Faith    .   c - +0 kite shield
rNeg     . . .     Spirit   .   m - +0 chain mail
rPois    .         Reflect  .   (no helmet)
rElec    .         Harm     .   p - +0 cloak
rCorr    .         Rampage  .   (no gloves)
Will     .....                  (no boots)
Stlth    ..........             (no amulet)
HPRegen  0.21/turn              (no ring)
MPRegen  0.09/turn              (no ring)

@: berserking, attractive, studying Evocations, very quick
A: no striking features
a: Renounce Religion


You were on level 4 of the Dungeon.
You worshipped Beogh.
Beogh was noncommittal.
You visited 1 branch of the dungeon, and saw 4 of its levels.

You collected 147 gold pieces.

Inventory:

Hand Weapons
 a - a +0 war axe (weapon)
 b - a +1 dagger of venom
Missiles
 f - 12 poisoned darts (quivered)
 j - 85 stones
 l - 27 arrows
Armour
 c - a +0 kite shield (worn)
 m - a +0 chain mail (worn)
 p - a +0 cloak (worn)
Wands
 d - a wand of digging (2)
 q - a wand of mindburst (13)
Scrolls
 e - a scroll of vulnerability {unknown}
 g - a scroll of noise {unknown}
 h - a scroll of enchant armour {unknown}
 k - 2 scrolls of identify {unknown}
 o - 2 scrolls of brand weapon {unknown}


   Skills:
 - Level 3.6 Fighting
 + Level 7.3 Axes
 - Level 3.2 Armour
 - Level 3.2 Shields


You had 4 spell levels left.
You didn't know any spells.
Your spell library contained the following spells:

 Spells                   Type           Power      Damage    Failure   Level
 Sandblast                Erth           0%         2d4       100%        1
 Passwall                 Tmut/Erth      0%         N/A       100%        2
 Ozocubu's Armour         Ice            0%         N/A       100%        3
 Tukima's Dance           Hex            0%         N/A       100%        3
 Passage of Golubria      Tloc           N/A        N/A       100%        4
 Lee's Rapid Deconstruct  Erth           0%         3d5*      100%        5
 Yara's Violent Unravell  Hex/Tmut       0%         3d3       100%        5
 Ozocubu's Refrigeration  Ice            0%         4d5       100%        7


Dungeon Overview and Level Annotations

Branches:
Dungeon (4/15)
 Temple: D:4-7

Altars:


Message History

The hornet zombie is heavily damaged.
You block the hornet zombie's attack.
The hornet zombie hits you but does no damage.
You closely miss the hornet zombie.
The hornet zombie is heavily damaged.
You block the hornet zombie's attack. The hornet zombie barely misses you.
You barely miss the hornet zombie.
The hornet zombie is heavily damaged.
The hornet zombie hits you! The hornet zombie barely misses you.
You slash the hornet zombie!
The hornet zombie is severely damaged.
The hornet zombie barely misses you.
An adder skeleton comes into view.
You closely miss the hornet zombie.
The hornet zombie is severely damaged.
The hornet zombie hits you but does no damage.
The hornet zombie barely misses you.
You hit the hornet zombie but do no damage.
The hornet zombie is severely damaged.
The hornet zombie completely misses you.
The hornet zombie hits you!
You hit the hornet zombie but do no damage.
The hornet zombie is severely damaged.
The hornet zombie hits you.
* * * LOW HITPOINT WARNING * * *
You block the hornet zombie's attack.
You slash the hornet zombie!
The hornet zombie is severely damaged.
The hornet zombie hits you but does no damage.
The hornet zombie hits you!
* * * LOW HITPOINT WARNING * * *
It was a potion of attraction.
You feel attractive to monsters. You block the adder skeleton's attack.
The hornet zombie hits you but does no damage.
It was a potion of berserk rage.
A red film seems to cover your vision as you go berserk!
You feel yourself moving faster!
You feel mighty! You block the adder skeleton's attack.
The hornet zombie hits you!
You die...

. #..
#..##########
....?.#.....##
#..?....(....##
#...........(.#.
.......@Z.......
##....Z.......##
#.....<......#
..............#
.#............#
#...†..)....##
.....(#........
....###########.
####


You could see a hornet zombie and an adder skeleton.

Vanquished Creatures
  A jelly (D:2)
  Jessica (D:3)
  Ijyb (D:3)
  2 adders
  7 ball pythons
  5 endoplasms
  6 giant cockroaches
  6 goblins
  2 hobgoblins
  9 jackals
  5 kobolds
  5 quokkas
  7 bats
  3 frilled lizards
  3 rats
63 creatures vanquished.

Vanquished Creatures (others)
  A dart slug (D:3)
  2 orcs (D:3)
  2 endoplasms (D:3)
  A jackal (D:3)
6 creatures vanquished.

Grand Total: 69 creatures vanquished

Notes
Turn   | Place    | Note
-------+----------+-------------------------------------------
     0 | D:1      | dolemite99 the Hill Orc Fighter began the quest for the
                  | Orb.
     0 | D:1      | Reached XP level 1. HP: 19/19 MP: 1/1
    82 | D:1      | Reached skill level 3 in Axes
   265 | D:1      | Reached XP level 2. HP: 22/26 MP: 2/2
   421 | D:1      | Reached skill level 4 in Axes
   795 | D:1      | Reached XP level 3. HP: 28/31 MP: 3/3
  1275 | D:2      | Reached skill level 5 in Axes
  2217 | D:2      | Reached skill level 6 in Axes
  2217 | D:2      | Reached XP level 4. HP: 31/39 MP: 4/4
  2831 | D:3      | Became a worshipper of Beogh the Brigand
  3000 | D:3      | Noticed Jessica
  3007 | D:3      | Noticed Ijyb
  3017 | D:3      | Killed Ijyb
  3018 | D:3      | Reached XP level 5. HP: 29/45 MP: 5/5
  3021 | D:3      | Killed Jessica
  3022 | D:3      | Reached skill level 7 in Axes
  3581 | D:4      | HP: 2/45 [hornet zombie (8)]
  3583 | D:4      | Slain by a hornet zombie

Illustrated notes

Levels and vault maps discovered:
D:1:      amcnicky_arrival_underground_garden, layout_basic, minmay_liquid_box
D:2:      layout_loops_ring
D:3:      layout_loops_ring, minmay_misc_feat_rows, grunt_decor_junction,
          uniq_jessica, uniq_ijyb
D:4:      layout_rooms, hangedman_decor_clover_reticule,
          eino_small_chamber_without_monster, uniq_sigmund, uniq_duvessa

Skill      XL: |  1  2  3  4  5 |
---------------+----------------+-----
Axes           | 3 4 6 7 |  7.3
Fighting       | |  3.6
Armour         | |  3.2
Shields        | |  3.2

Action                   |  1- 3 |  4- 6 || total
-------------------------+-------+-------++-------
Melee: War axe           |    23 |    17 ||    40
       Dagger            |   111 |    48 ||   159
Throw: Stone             |    17 |       ||    17
       Dart              |     4 |    35 ||    39
Invok: Convert to Beogh  |       |     1 ||     1
  Use: Potion            |       |     3 ||     3
Armor: Scale mail        |    60 |       ||    60
       Chain mail        |     6 |    44 ||    50
Dodge: Dodged            |    40 |    24 ||    64
Block: Kite shield       |    85 |    33 ||   118

Table legend: (Time is in decaauts)
 A = Elapsed time spent in this place.
 B = Non-inter-level travel time spent in this place.
 C = Inter-level travel time spent in this place.
 D = Time resting spent in this place.
 E = Time spent auto-exploring this place.
 F = Levels seen in this place.
 G = Mean time per level.
                   A        B        C        D        E       F      G
               +--------+--------+--------+--------+--------+-----+--------+
         Total |   3653 |   3581 |     72 |    681 |   2235 |   4 |  913.2 |
       Dungeon |   3653 |   3581 |     72 |    681 |   2235 |   4 |  913.2 |
               +--------+--------+--------+--------+--------+-----+--------+

Top non-repeatable levels by time:
     D:2: 1351 daAuts
     D:1: 1284 daAuts
     D:3: 982 daAuts
     D:4: 35 daAuts
